 Dungeon Crawl Stone Soup version 0.17.0-28-g6e173f8 (webtiles) character file.

266 PossumBlood the Conjurer (level 6, -4/32 HPs)
             Began as a Deep Elf Conjurer on Nov 24, 2015.
             Shot with an arrow by a centaur (8 damage)
             ... on level 3 of the Dungeon.
             The game lasted 00:11:21 (2442 turns).

PossumBlood the Conjurer (Deep Elf Conjurer)        Turns: 2442, Time: 00:11:21

Health: -4/32      AC:  2    Str:  5    XL:     6   Next: 0%
Magic:  6/16       EV: 13    Int: 22    God:
Gold:   173        SH:  0    Dex: 15    Spells: 2 memorised, 10 levels left

rFire  + . .     SeeInvis .     d - +0 whip
rCold  . . .     Clarity  .     a - +0 robe
rNeg   . . .     SustAt   .     (no shield)
rPois  .         Gourm    .     (no helmet)
rElec  .         Spirit   .     (no cloak)
rCorr  .         Warding  .     (no gloves)
rMut   .         Stasis   .     (no boots)
MR     .....                    (no amulet)
Stlth  ++........               (no ring)
                                p - ring of protection from fire

@: about to teleport, not resistant to hostile enchantments, unstealthy
A: no striking features
a: no special abilities


You were on level 3 of the Dungeon.
You were not hungry.

You visited 1 branch of the dungeon, and saw 3 of its levels.

You collected 173 gold pieces.

Inventory:

Hand Weapons
 d - a +0 whip (weapon)
Armour
 a - a +0 robe (worn)
Jewellery
 p - a ring of protection from fire (left hand)
Scrolls
 f - a scroll of enchant weapon {unknown}
 i - a scroll of teleportation
 j - a scroll of fear
 l - 2 scrolls of identify
 n - a scroll of immolation {unknown}
 o - a scroll of blinking {unknown}
Potions
 e - a potion of degeneration {unknown}
 k - a potion of flight {unknown}
Books
 b - a book of Conjurations

   Spells                             Type                      Level
   a - Magic Dart                     Conjuration                  1
   b - Searing Ray                    Conjuration                  2
   c - Dazzling Spray                 Conjuration/Hexes            3
   d - Fulminant Prism                Conjuration/Hexes            4
   e - Iskenderun's Mystic Blast      Conjuration                  4
   f - Iskenderun's Battlesphere      Conjuration/Charms           5
Comestibles
 h - a beef jerky
 m - a meat ration


   Skills:
 + Level 0.2 Fighting
 + Level 0.1 Maces & Flails
 + Level 3.5 Dodging
 + Level 3.2 Stealth
 + Level 5.3 Spellcasting
 + Level 6.2 Conjurations


You had 10 spell levels left.
You knew the following spells:

 Your Spells              Type           Power        Failure   Level  Hunger
a - Magic Dart            Conj           ####         1%          1    None
b - Iskenderun's Mystic   Conj           ####....     10%         4    ####...


Dungeon Overview and Level Annotations

Branches:
Dungeon (3/15)

Altars:
Ashenzari


Message History

Casting: Iskenderun's Mystic Blast
Confirm with . or Enter, or press ? or * to list all spells.
Aiming: Iskenderun's Mystic Blast
Press: ? - help, Shift-Dir - straight line, f/p - centaur
Aim: a centaur, wielding a shortbow (moderately wounded)
The orb of energy hits the centaur.
The centaur is severely wounded.
The centaur shoots an arrow.
The arrow hits you.
* * * LOW HITPOINT WARNING * * *
Drink which item? (? for menu, Esc to quit)
You don't have any such object.
Drink which item? (? for menu, Esc to quit)
You don't have any such object.
Drink which item? (? for menu, Esc to quit)
Okay, then.
Read which item? (? for menu, Esc to quit)
As you read the scroll of teleportation, it crumbles to dust.
You feel strangely unstable.
The centaur shoots an arrow.
The arrow barely misses you.
The centaur shoots an arrow.
The arrow hits you!
You die...

.........=..._#....#
#.########.
...#...#...#..##..## #.# #.
..............##..# #.# #.
###############...# ### #.
#.# .# ######## # ##. #.#
##.#.# # #8.#.# #.. #.#
#.#..#.# . ...... ###
##.####..#.#.#.###c.....
#.....#.........@.#
..#...#.......###.#
#.............# #.## ######
#.....<.......###..####.#..#
#.......†...............†..#
###...####.###..##.#....†.##
....#.)....# #..#.###.#.###
###...###### #...## ##..#
###.#########..## ##.#


You could see a centaur.

Vanquished Creatures
  The ghost of Acur the Slasher, an amateur OpFi (D:3)
  7 adders
  2 oozes
  3 worms (D:3)
  2 giant geckos (D:2)
  An orc (D:3)
  6 bats
  7 goblins
  9 hobgoblins
  8 jackals
  7 kobolds
  3 giant cockroaches
  A giant newt (D:2)
  8 rats
65 creatures vanquished.

Notes
Turn   | Place    | Note
--------------------------------------------------------------
     0 | D:1      | PossumBlood the Deep Elf Conjurer began the quest for the Orb.
     0 | D:1      | Reached XP level 1. HP: 10/10 MP: 6/6
   232 | D:1      | Reached XP level 2. HP: 15/15 MP: 6/8
   305 | D:1      | Reached skill level 5 in Conjurations
   590 | D:2      | Reached XP level 3. HP: 19/19 MP: 2/9
  1137 | D:3      | Reached XP level 4. HP: 24/24 MP: 6/12
  1323 | D:3      | Learned a level 4 spell: Iskenderun's Mystic Blast
  2008 | D:3      | Found a shattered altar of Ashenzari.
  2135 | D:3      | Noticed Acur's ghost (amateur OpFi)
  2143 | D:3      | Killed Acur's ghost
  2143 | D:3      | Reached skill level 5 in Spellcasting
  2143 | D:3      | Reached skill level 6 in Conjurations
  2143 | D:3      | Reached XP level 5. HP: 25/28 MP: 0/14
  2337 | D:3      | Reached XP level 6. HP: 32/32 MP: 2/16
  2437 | D:3      | Noticed a centaur
  2442 | D:3      | Shot with an arrow by a centaur

Action                   |  1- 3 |  4- 6 || total
-------------------------+-------+-------++-------
Melee: Whip              |       |    30 ||    30
 Cast: Magic Dart        |    72 |    39 ||   111
       Iskenderun's Myst |       |    15 ||    15
  Use: Scroll            |     4 |     3 ||     7
       Potion            |       |     2 ||     2
  Eat: Bread ration      |     1 |     1 ||     2
